Match 47384912
Unlisted

Match 47384912
End
Kettenkrad Recon Vehicle
Construct Infanterie Kompanie
MG 42 Machine Gun Team
Grenadier Squad
GrW 34 Mortar Team
Construct Panzergrenadier Kompanie
251 Medium Carrier
Pak 40 Anti-tank Gun Team
251 Medium Carrier
Construct Luftwaffe Kompanie
Selects Breakthrough Battlegroup
Selects Breakthrough Battlegroup
Selects Breakthrough Battlegroup
Jäger Squad
Selects Assault Grenadiers
Jäger Squad
Support Elements
Selects Smoke Bombing Run
Selects Incendiary Bombing Run
moemoe
Mr.Faraam
꿀뜨개Honeydipper
大连风峣+8615842404475
Tirant
Beze
leto
Dark Angels
0
0

Comments sign in to comment!

No comments posted yet!